 Dungeon Crawl Stone Soup version 0.31-a0-971-g75a2e9a4b4 (webtiles) character file.

Game seed: 11351931981135285347

814 Dirtsage the Insei (level 7, 0/47 HPs)
             Began as an Octopode Shapeshifter on Oct 28, 2023.
             Blown up by Ijyb (15 damage)
             ... with a mindburst bolt
             ... on level 5 of the Dungeon.
             The game lasted 00:10:25 (3769 turns).

Dirtsage the Insei (Octopode Shapeshifter)          Turns: 3769, Time: 00:10:26

Health: 0/47       AC:  1    Str: 13    XL:     7   Next: 93%
Magic:  7/7        EV: 13    Int: 13    God:
Gold:   159        SH:  0    Dex: 13    Spells: 6/6 levels left

rFire   . .          .
                       - Unarmed
rCold   . . .        (no shield)
rNeg    . . .        (helmet currently unavailable)
rPois   .            (no amulet)
rElec   .            j - ring of flight
rCorr   .            (no ring)
SInv    .            (no ring)
Will    .....        (no ring)
Stlth   ++           (no ring)
HPRegen 0.27/turn    (no ring)
MPRegen 0.10/turn    (no ring)
                     (no ring)

%: no passive effects
@: beast-form, flying
A: beast (slay +3), almost no armour, amphibious, 8 rings, camouflage 1,
gelatinous body 1, (nimble swimmer 1), tentacles
a: Begin Untransformation


You were on level 5 of the Dungeon.
You were a hulking beast.
You visited 2 branches of the dungeon, and saw 6 of its levels.
You also visited: Ossuary.

You collected 159 gold pieces.

Inventory:

Missiles
 i - a throwing net
Jewellery
 d - a ring of fire
 j - a ring of flight (left tentacle)
Talismans
 b - a beast talisman
 c - a flux talisman
Wands
 r - a wand of iceblast (7)
 s - a wand of polymorph (2)
Scrolls
 e - a scroll of summoning {unknown}
 f - a scroll of immolation
 g - a scroll of fear
 k - a scroll of revelation
 m - a scroll of fog
 n - a scroll of noise {unknown}
 p - 2 scrolls of enchant weapon
 t - 3 scrolls of teleportation
 u - 3 scrolls of enchant armour
Potions
 a - 2 potions of enlightenment
 h - 2 potions of haste
 l - a potion of heal wounds
 o - a potion of magic
 q - 3 potions of curing
 v - a potion of mutation


   Skills:
 + Level 3.7 Fighting
 - Level 2.0 Dodging
 * Level 6.2 Unarmed Combat
 * Level 5.8 Shapeshifting


You had 6 spell levels left.
You didn't know any spells.
Your spell library was empty.

Dungeon Overview and Level Annotations

Branches:
Dungeon (5/15)             Temple (1/1) D:4         Ossuary (visited)

Altars:
Ashenzari
Cheibriados
Gozag
Hepliaklqana
Kikubaaqudgha
Makhleb
Nemelex Xobeh
Okawaru
Qazlal
Sif Muna
Uskayaw
Vehumet
Xom
Yredelemnul
Zin
The Shining One

Shops:
D:4 =

Annotations:
D:5 Ijyb


Innate Abilities, Weirdness & Mutations

You are a hulking beast.
Your limbs bulge with bestial killing power. (Slay +3)
You cannot wear most types of armour.
You are amphibious.
You can wear up to eight rings at the same time.
Your skin changes colour to match your surroundings (Stealth+).
Your rubbery body absorbs attacks. (AC +1, EV +1)
((You are camouflaged when in or above water. (Stealth+)))
You have tentacles for arms and can constrict up to eight enemies at once.


Message History

The orc wizard mumbles some strange words.
The orc wizard flickers and vanishes!
Deactivating autopickup; reactivate with Ctrl-A.
There is a stone staircase leading down here.
You fly downwards.
Reactivating autopickup.
Found a stone staircase leading down.
There is a stone staircase leading up here.
The helpless adder fails to defend itself.
You bludgeon the adder!
You kill the adder!
Health restored: 47 Ijyb shouts!
Ijyb hits you with a +0 dagger.
There is a stone staircase leading down here.
You take 2 damage, and have 45/47 hp.
Ijyb barely misses you.
You barely miss Ijyb. Your grab misses Ijyb. Ijyb barely misses you.
You tentacle-slap Ijyb. Your grab misses Ijyb. You tentacle-slap Ijyb.
Ijyb is moderately wounded.
Ijyb zaps a wand.
Your mind is blasted!
You take 4 damage, and have 41/47 hp.
You tentacle-slap Ijyb. You grab Ijyb. You squeeze Ijyb, but do no damage.
Ijyb is moderately wounded.
You constrict Ijyb.
Ijyb zaps a wand.
Your mind is blasted!
You take 17 damage, and have 24/47 hp.
MASSIVE DAMAGE!!
You tentacle-slap Ijyb but do no damage.
Ijyb is moderately wounded.
You constrict Ijyb, but do no damage.
Ijyb zaps a wand.
Your mind is blasted!
* * * LOW HITPOINT WARNING * * *
You take 10 damage, and have 14/47 hp.
MASSIVE DAMAGE!!
You tentacle-slap Ijyb but do no damage.
Ijyb is moderately wounded.
You constrict Ijyb, but do no damage. Ijyb closely misses you.
Aiming: Polymorph
Press: ? - help, Shift-Dir - straight line, f - Ijyb
Aim: Ijyb, wielding a +0 dagger, wearing a +2 leather armour of cold resistance and carrying a wand of mindburst (moderately wounded, constricted by you, will become a hound, a ball python, or a dart slug, chance to affect: 57%) Ijyb resists with significant effort.
You constrict Ijyb.
Ijyb zaps a wand.
Your mind is blasted!
You die...

#######
#...<.####..
########.#...†....#
#......h>..#.######
#.#..=#g.###.#
#............#
#....#..#.#### #...
#..#.# #.# .#.#.# #
....#.# ..####.#


You could see Ijyb.

Vanquished Creatures
  Grinder (D:4)
  Eustachio (D:4)
  Menkaure (Ossuary)
  A hound (D:4)
  Natasha (thrice) (D:2)
  An orc wizard (D:4)
  3 mummies (Ossuary)
  6 adders
  5 dart slugs
  5 orcs
  7 ball pythons
  6 bats
  8 endoplasms
  2 giant cockroaches
  5 gnoll zombies (Ossuary)
  6 goblins
  4 hobgoblins
  6 jackals
  6 kobolds
  6 quokkas
  3 frilled lizards
  4 gnoll skeletons (Ossuary)
  6 goblin skeletons (Ossuary)
  4 goblin zombies (Ossuary)
  5 hobgoblin skeletons (Ossuary)
  5 hobgoblin zombies (Ossuary)
  A kobold skeleton (Ossuary)
  4 kobold zombies (Ossuary)
  5 orc skeletons (Ossuary)
  5 orc zombies (Ossuary)
  11 rats
  4 rat skeletons (Ossuary)
  2 rat zombies (Ossuary)
142 creatures vanquished.

Notes
Turn   | Place    | Note
-------+----------+-------------------------------------------
     0 | D:1      | Dirtsage the Octopode Shapeshifter began the quest for the
                  | Orb.
     0 | D:1      | Reached XP level 1. HP: 13/13 MP: 1/1
    48 | D:1      | You fall into a shaft and drop 1 floor!
   101 | D:2      | Noticed Natasha
   219 | D:1      | Reached XP level 2. HP: 17/18 MP: 2/2
   385 | D:1      | Reached XP level 3. HP: 5/23 MP: 3/3
  1056 | D:2      | Found a burning altar of Makhleb.
  1139 | D:2      | Reached XP level 4. HP: 29/29 MP: 4/4
  1145 | D:2      | Killed Natasha
  1146 | D:2      | Reached skill level 4 in Unarmed Combat
  1294 | D:2      | Noticed Natasha
  1300 | D:2      | Killed Natasha
  1301 | D:2      | Reached XP level 5. HP: 13/34 MP: 5/5
  1523 | D:2      | Noticed Natasha
  1529 | D:2      | Killed Natasha
  1610 | D:2      | Found a faded altar of an unknown god.
  2068 | D:3      | Identified the +1 long sword of Cionono {heavy, Drain Fly
                  | Will++}
  2427 | D:4      | Noticed Grinder
  2552 | D:4      | Killed Grinder
  2553 | D:4      | Reached skill level 5 in Unarmed Combat
  2553 | D:4      | Reached XP level 6. HP: 25/42 MP: 6/6
  2561 | D:4      | Found a sand-covered staircase.
  2570 | Ossuary  | Entered an ossuary
  2924 | Ossuary  | Noticed Menkaure
  2936 | Ossuary  | Killed Menkaure
  2937 | Ossuary  | Reached skill level 5 in Shapeshifting
  2937 | Ossuary  | Reached XP level 7. HP: 46/46 MP: 7/7
  3096 | D:4      | Found Naeliuj's Jewellery Emporium.
  3419 | D:4      | Found a staircase to the Ecumenical Temple.
  3462 | Temple   | Entered the Ecumenical Temple
  3569 | D:4      | Noticed Eustachio
  3585 | D:4      | Killed Eustachio
  3586 | D:4      | Reached skill level 6 in Unarmed Combat
  3756 | D:5      | Entered Level 5 of the Dungeon
  3756 | D:5      | Noticed Ijyb
  3769 | D:5      | Blown up by Ijyb

Illustrated notes

Levels and vault maps discovered:
D:1:      dpeg_arrival_snail, layout_basic, minmay_misc_feat_tower,
          roderic_serpentine_path, minmay_quantized
D:2:      kennysheep_big_flooded_room, layout_basic,
          shapermc_ecumenical_altar_hornbeckon, basic_altar,
          nicolae_houndstooth_variations, uniq_natasha
D:3:      minmay_angry_zag, layout_rooms
D:4:      layout_basic, minmay_temple_entry_junction_2,
          nicolae_ossuary_entry_plus, serial_shops, kennysheep_little_box,
          uniq_eustachio, uniq_grinder
D:5:      layout_loops_cross, uniq_ijyb
Temple:   nicolae_temple_superstar

Skill      XL: |  1  2  3  4  5  6  7 |
---------------+----------------------+-----
Fighting       | 2 3 |  3.7
Unarmed Combat | 4 5 6 |  6.2
Shapeshifting  | 4 5 |  5.8
Dodging        | |  2.0

Action                     |  1- 3 |  4- 6 |  7- 9 || total
---------------------------+-------+-------+-------++-------
  Melee: Unarmed           |    68 |   133 |    69 ||   270
         Constrict         |    21 |    48 |    12 ||    81
         Tentacles         |    13 |    23 |    15 ||    51
         Punch             |     2 |     9 |     4 ||    15
  Evoke: Wand              |       |       |     4 ||     4
    Use: Potion            |       |     1 |       ||     1
         Scroll            |       |       |    13 ||    13
   Stab: Sleeping          |    13 |     5 |     2 ||    20
 Armour: Skin              |    22 |    46 |    31 ||    99
  Dodge: Dodged            |    39 |    58 |    20 ||   117

Table legend: (Time is in decaauts)
 A = Elapsed time spent in this place.
 B = Non-inter-level travel time spent in this place.
 C = Inter-level travel time spent in this place.
 D = Time resting spent in this place.
 E = Time spent auto-exploring this place.
 F = Levels seen in this place.
 G = Mean time per level.
                   A        B        C        D        E       F      G
               +--------+--------+--------+--------+--------+-----+--------+
         Total |   3743 |   3608 |    135 |     56 |   2653 |   7 |  534.7 |
       Dungeon |   3247 |   3112 |    135 |     56 |   2421 |   5 |  649.4 |
        Temple |      1 |      1 |      0 |      0 |      0 |   1 |    1.0 |
       Ossuary |    494 |    494 |      0 |      0 |    232 |   1 |  494.0 |
               +--------+--------+--------+--------+--------+-----+--------+

Top non-repeatable levels by time:
     D:2: 1107 daAuts
     D:4: 891 daAuts
     D:1: 776 daAuts
 Ossuary: 494 daAuts
     D:3: 459 daAuts
     D:5: 12 daAuts
  Temple: 1 daAuts
